 Dungeon Crawl Stone Soup version 0.19.5 (webtiles) character file.

10050 JeffiDaFish the Blocker (level 11, -11/69 HPs)
             Began as a Gargoyle Fighter on Mar 27, 2017.
             Was a High Priest of Okawaru.
             Hit by a large rock thrown by a cyclops (27 damage)
             ... on level 10 of the Dungeon.
             The game lasted 00:19:21 (9690 turns).

JeffiDaFish the Blocker (Gargoyle Fighter)          Turns: 9690, Time: 00:19:21

Health: -11/69     AC: 29    Str: 20    XL:     11   Next: 56%
Magic:  17/17      EV:  4    Int:  9    God:    Okawaru [*****.]
Gold:   683        SH: 18    Dex: 12    Spells: 1 memorised, 16 levels left

rFire  . . .     SeeInvis .     n - +1 flail (drain)
rCold  + . .     Gourm    .     m - +3 plate armour {MR+}
rNeg   + . .     Faith    .     e - +1 large shield
rPois  ∞         Spirit   .     (no helmet)
rElec  +         Reflect  .     x - +2 cloak
rCorr  .         Harm     .     (no gloves)
MR     +....                    (no boots)
Stlth  ..........               l - amulet of rage
                                (no ring)
                                (no ring)

@: no status effects
A: molten scales 1, blurry vision 1, cold resistance 1, negative energy
resistance 1, electricity resistance, unbreathing, petrification resistance, rot
immunity, AC +7
a: Heroism, Finesse, Renounce Religion, Evoke Berserk Rage


You were on level 10 of the Dungeon.
You worshipped Okawaru.
Okawaru was extremely pleased with you.
You were not hungry.

You visited 2 branches of the dungeon, and saw 11 of its levels.
You also visited: Sewer and Bailey.

You collected 759 gold pieces.
You spent 76 gold pieces at shops.

Inventory:

Hand Weapons
 a - a +1 flail
 n - a +1 flail of draining (weapon)
Armour
 e - a +1 large shield (worn)
 m - a +3 plate armour of magic resistance (worn)
 x - a +2 cloak (worn)
Jewellery
 l - an amulet of rage (around neck)
Wands
 B - a wand of paralysis (5/24)
Scrolls
 b - 3 scrolls of recharging
 i - 4 scrolls of fog
 k - a scroll of blinking
 s - 4 scrolls of teleportation
 t - 7 scrolls of remove curse
 w - 3 scrolls of identify
 y - a scroll of fear
 A - a scroll of amnesia
Potions
 d - 3 potions of might
 j - 5 potions of flight
 o - a potion of experience {unknown}
 p - 2 potions of ambrosia
 v - a potion of resistance
Books
 q - a book of Battle

   Spells                             Type                      Level
   a - Infusion                       Charms                       1
   b - Shroud of Golubria             Charms/Translocation         2
   c - Song of Slaying                Charms                       2
   d - Spectral Weapon                Hexes/Charms                 3
   e - Regeneration                   Charms/Necromancy            3
Comestibles
 c - 3 beef jerkies
 f - 10 bread rations
 g - 7 fruits
 h - 4 meat rations
 r - a slice of pizza
 u - 6 chunks of flesh
 C - a royal jelly


   Skills:
 * Level 8.7 Fighting
 * Level 9.3 Maces & Flails
 * Level 8.7 Armour
 - Level 2.0 Dodging
 - Level 0.8 Stealth
 * Level 10.0 Shields
 + Level 4.1 Spellcasting
 + Level 4.5 Charms


You had 16 spell levels left.
You knew the following spells:

 Your Spells              Type           Power        Failure   Level  Hunger
a - Song of Slaying       Chrm           ##......     100%        2    ###....


Dungeon Overview and Level Annotations

Branches:
Dungeon (10/15)            Temple (1/1) D:6
   Lair: D:8-11         Orc: D:9-12

Altars:
Ashenzari
Cheibriados
Dithmenos
Elyvilon
Fedhas
Gozag
Hepliaklqana
Kikubaaqudgha
Makhleb
Nemelex Xobeh
Okawaru
Qazlal
Ru
Sif Muna
Trog
Uskayaw
Xom
Zin
The Shining One

Shops:
D:9 [


Innate Abilities, Weirdness & Mutations

You are resistant to torment.
Your stone body is resilient. (AC +7)
You are immune to poison.
You resist negative energy. (rN+)
You are resistant to electric shocks. (rElec)
You can survive without breathing.
You are immune to petrification.
You are immune to rotting.
You are partially covered in molten scales. (AC +2)
Scrolls take you a little longer to read.
Your flesh is cold resistant. (rC+)


Message History

You block the komodo dragon's attack.
You hit the komodo dragon. You drain the komodo dragon!
The komodo dragon is severely wounded.
You block the komodo dragon's attack.
You sock the komodo dragon! You drain the komodo dragon!
You kill the komodo dragon!
Okawaru accepts your kill.
Your Shields skill increases to level 10!
You sock the iguana! You drain the iguana!
You kill the iguana!
Okawaru accepts your kill.
You closely miss the iguana. You block the iguana's attack.
Your shield and plate armour prevent you from hitting the iguana.
The iguana bites you!
* * * LOW HITPOINT WARNING * * *
You bludgeon the iguana!!
You kill the iguana!
Okawaru accepts your kill.
The cyclops throws a large rock.
The large rock hits you!!
You die...

### #### # ##.### #..#
#.###..#.### ####.## ##
..##....#....###@...# #.
#.......(....#C†##### ####
.#.............###.##
###...
#....#..............###
####..### .#.#
#..##.##.........###....##
#
##..####.#.##....†.....##
!## ###..##########.# ##
###.# ### ###############
#### ###


You could see a cyclops.

Vanquished Creatures
  The ghost of Saba the Crack Shot, a journeyman CeHu of Okawaru (D:9)
  The ghost of Lilxick the Carver, a novice DDFi of Hepliaklqana (D:10)
  A hill giant (D:10)
  A wizard (D:9)
  A manticore (D:10)
  3 komodo dragons (D:10)
  The ghost of qqq123 the Chopper, an amateur MiFi (D:4)
  A troll (D:9)
  A hippogriff (D:10)
  A spriggan (D:7)
  A basilisk (D:9)
  Menkaure (D:7)
  3 water moccasins
  A swamp drake (D:10)
  12 orc warriors
  3 ice beasts
  A sky beast (D:5)
  2 black bears (D:6)
  A phantom (D:5)
  2 necrophages
  13 centaurs
  3 ogres
  A big kobold (D:9)
  2 bullfrogs
  A gnoll sergeant (D:8)
  2 scorpions
  A water moccasin skeleton (D:5)
  10 killer bees
  4 wights (D:7)
  2 howler monkeys (D:7)
  2 centaur zombies
  A quasit (D:9)
  5 hounds
  2 jellies (D:7)
  2 orc wizards
  3 orc priests
  3 bullfrog skeletons
  Terence (D:3)
  3 iguanas
  5 worker ants
  A killer bee zombie (D:7)
  A mummy (D:5)
  5 gnolls (D:8)
  A worker ant zombie (D:7)
  A howler monkey skeleton (D:9)
  9 adders
  4 shadow imps
  2 oozes
  2 adder zombies
  An adder skeleton (D:5)
  4 worms
  2 dart slugs
  8 leopard geckos
  37 orcs
  2 ball pythons
  12 bats
  2 giant cockroaches
  12 goblins
  7 hobgoblins
  8 jackals
  4 quokkas
  7 frilled lizards
  4 kobolds
  A leopard gecko skeleton (D:8)
  8 rats
  A fungus (D:2)
251 creatures vanquished.

Vanquished Creatures (others)
  An iguana (D:10)
1 creature vanquished.

Grand Total: 252 creatures vanquished

Notes
Turn   | Place    | Note
-------+----------+-------------------------------------------
     0 | D:1      | JeffiDaFish the Gargoyle Fighter began the quest for the Orb.
     0 | D:1      | Reached XP level 1. HP: 14/14 MP: 1/1
    49 | D:1      | Reached XP level 2. HP: 17/19 MP: 2/2
   250 | D:1      | Found a glowing golden altar of the Shining One.
   415 | D:1      | Reached XP level 3. HP: 22/23 MP: 3/3
  1033 | D:2      | Reached skill level 4 in Shields
  1408 | D:2      | Reached XP level 4. HP: 27/28 MP: 4/4
  1730 | D:3      | Noticed Terence
  1740 | D:3      | Killed Terence
  1765 | D:3      | Found a shattered altar of Ashenzari.
  1884 | D:3      | Found a shadowy altar of Dithmenos.
  2144 | D:3      | Found a sacrificial altar of Ru.
  2281 | D:3      | Found a hazy altar of Hepliaklqana.
  2340 | D:4      | Reached XP level 5. HP: 32/32 MP: 5/5
  2398 | D:4      | Reached skill level 1 in Dodging
  2452 | D:4      | Noticed qqq123's ghost (amateur MiFi)
  2470 | D:4      | Killed qqq123's ghost
  2470 | D:4      | Reached skill level 5 in Shields
  2470 | D:4      | Reached XP level 6. HP: 17/38 MP: 6/6
  2972 | D:5      | Entered Level 5 of the Dungeon
  3087 | D:5      | Noticed a sky beast
  3117 | D:5      | Killed a sky beast
  3117 | D:5      | Reached skill level 5 in Maces & Flails
  3117 | D:5      | Reached XP level 7. HP: 16/43 MP: 7/7
  3339 | D:5      | Found a glowing drain.
  3347 | Sewer    | Entered a sewer
  3910 | D:5      | Found a snail-covered altar of Cheibriados.
  4014 | D:5      | Identified the +6 dagger of Qazlal's Scorn {pierce, +Inv rF++ rN+ Str-4} (You found it on level 5 of the Dungeon)
  4317 | D:5      | Learned a level 2 spell: Song of Slaying
  4349 | D:5      | Found a white marble altar of Elyvilon.
  4552 | D:6      | Identified the cursed +1 spear "Urunnop" {drain, *Slow rPois rF+} (You found it on level 6 of the Dungeon)
  4616 | D:6      | Gained mutation: Your flesh is cold resistant. (rC+) [potion of mutation]
  4616 | D:6      | Gained mutation: You are partially covered in molten scales. (AC +2) [potion of mutation]
  4616 | D:6      | Gained mutation: Scrolls take you a little longer to read. [potion of mutation]
  4672 | D:6      | Found a staircase to the Ecumenical Temple.
  4699 | Temple   | Entered the Ecumenical Temple
  4775 | Temple   | Became a worshipper of Warmaster Okawaru
  4824 | D:6      | Reached skill level 6 in Shields
  4824 | D:6      | Reached XP level 8. HP: 38/48 MP: 8/8
  5281 | D:6      | Reached skill level 5 in Armour
  5294 | D:6      | HP: 1/48 [orc warrior/flail of draining (8)]
  5296 | D:6      | Reached * piety under Okawaru
  5296 | D:6      | Reached skill level 1 in Charms
  5363 | D:6      | Reached skill level 5 in Fighting
  5363 | D:6      | Reached skill level 1 in Spellcasting
  5644 | D:6      | Reached ** piety under Okawaru
  5970 | D:7      | Noticed Menkaure
  5978 | D:7      | Noticed a spriggan baker
  5997 | D:7      | Killed Menkaure
  5997 | D:7      | Reached XP level 9. HP: 41/54 MP: 11/11
  6014 | D:7      | Reached skill level 7 in Shields
  6297 | D:7      | Found a glowing golden altar of the Shining One.
  6298 | D:7      | Found a stormy altar of Qazlal.
  6485 | D:8      | Found a faded altar of an unknown god.
  6485 | D:8      | Found an ancient bone altar of Kikubaaqudgha.
  6490 | D:8      | Found a faded altar of an unknown god.
  6492 | D:8      | Found a faded altar of an unknown god.
  6494 | D:8      | Found a faded altar of an unknown god.
  6600 | D:8      | Reached *** piety under Okawaru
  6625 | D:8      | Found an opulent altar of Gozag.
  6989 | D:8      | Found a flagged portal.
  7002 | Bailey   | Entered a bailey
  7029 | Bailey   | Reached skill level 8 in Shields
  7049 | Bailey   | Reached XP level 10. HP: 61/61 MP: 13/13
  7294 | Bailey   | Reached **** piety under Okawaru
  8116 | D:8      | Found a deep blue altar of Sif Muna.
  8116 | D:8      | Found a hide-covered altar of Uskayaw.
  8229 | D:8      | Found a bloodstained altar of Trog.
  8546 | D:9      | Found Koured's Armour Shop.
  8549 | D:9      | Bought a +0 cloak for 76 gold pieces
  8624 | D:9      | Noticed Saba's ghost (journeyman CeHu)
  8645 | D:9      | Reached skill level 9 in Shields
  8661 | D:9      | Killed Saba's ghost
  8661 | D:9      | Reached ***** piety under Okawaru
  8706 | D:9      | Noticed a wizard
  8721 | D:9      | Killed a wizard
  8721 | D:9      | Received a gift from Okawaru
  8721 | D:9      | Reached XP level 11. HP: 45/68 MP: 16/16
  8724 | D:9      | Identified the +4 chain mail of Summertime {rElec Int+3} (Okawaru gifted it to you on level 9 of the Dungeon)
  9121 | D:10     | Entered Level 10 of the Dungeon
  9223 | D:10     | Noticed Lilxick's ghost (novice DDFi)
  9244 | D:10     | Killed Lilxick's ghost
  9259 | D:10     | Noticed a hill giant
  9268 | D:10     | Killed a hill giant
  9343 | D:10     | Noticed a manticore
  9354 | D:10     | Killed a manticore
  9655 | D:10     | Noticed a cyclops
  9686 | D:10     | Reached skill level 10 in Shields
  9690 | D:10     | Hit by a large rock thrown by a cyclops

Skill      XL: |  1  2  3  4  5  6  7  8  9 10 11 |
---------------+----------------------------------+-----
Shields        | 4 5 6 8 9 10 | 10.0
Maces & Flails | 3 4 5 6 7 8 9 |  9.3
Dodging        | 1 2 |  2.0
Fighting       | 4 5 6 8 |  8.7
Armour         | 4 5 6 7 8 |  8.7
Charms         | 2 3 4 |  4.5
Spellcasting   | 1 2 3 4 |  4.1
Stealth        | |  0.8

Action                   |  1- 3 |  4- 6 |  7- 9 | 10-12 || total
-------------------------+-------+-------+-------+-------++-------
Melee: Flail             |   211 |   155 |   526 |   485 ||  1377
Evoke: Wand              |       |       |     1 |       ||     1
  Use: Potion            |     5 |     5 |    10 |     6 ||    26
       Scroll            |     4 |     4 |     8 |     3 ||    19
  Eat: Chunk             |     2 |     6 |    14 |    10 ||    32
Armor: Scale mail        |    99 |    88 |   164 |       ||   351
       Chain mail        |       |       |    20 |       ||    20
       Plate armour      |       |       |   140 |   277 ||   417
Dodge: Dodged            |    57 |    20 |    95 |    67 ||   239
Block: Shield            |    32 |       |       |       ||    32
       Large shield      |   113 |   138 |   651 |   520 ||  1422
